Description

TY MECH

VOD

https://www.youtube.com/watch?v=2j5iCAk5kPE

Replay - 2020-04-20 - (T)TYTY VS (P)Zest

Build Order

Get SALT Encoding   

  12  0:00  SCV  
  13  0:12  SCV  
  14  0:17  Supply Depot  
  14  0:24  SCV  
  15  0:28  Refinery  
  15  0:38  SCV  
  16  0:44  Barracks  
  16  0:50  SCV  
  17  1:02  SCV  
  18  1:15  SCV  
  20  1:33  Reaper  
  20  1:34  Orbital Command  
  20  1:46  Command Center  
  20  1:59  Factory  
  20  2:02  SCV  
  20  2:06  Barracks Reactor  
  21  2:13  Supply Depot  
  21  2:16  SCV  
  22  2:28  SCV  
  23  2:42  Marine x2  
  23  2:43  Hellion, Starport  
  28  3:00  Orbital Command  
  28  3:02  Marine x2  
  28  3:03  Refinery  
  30  3:07  Orbital Command  
  30  3:08  Factory Tech Lab  
  31  3:20  Marine x2  
  35  3:35  Banshee  
  35  3:38  Marine x2  
  40  3:42  Supply Depot  
  40  3:47  Cloaking Field  
  42  3:54  Factory Tech Lab  
  44  4:06  Supply Depot  
  44  4:08  Marine x2  
  47  4:15  Siege Tank  
  51  4:18  Supply Depot  
  53  4:34  Banshee  
  53  4:37  Command Center  
  58  4:49  Refinery x2  
  60  4:58  Siege Tank  
  66  5:16  Banshee  
  70  5:35  Bunker  
  70  5:41  Hyperflight Rotors  
  70  5:46  Engineering Bay  
  70  5:49  Siege Tank  
  75  5:50  Orbital Command  
  77  6:02  Raven  
  83  6:14  Orbital Command  
  85  6:21  Siege Tank  
  85  6:25  Missile Turret x2  
  92  6:34  Factory x2  
  94  6:45  Banshee  
  98  6:52  Refinery x2  
  101  7:02  Siege Tank  
  109  7:23  Armory x2  
  109  7:24  Factory Tech Lab  
  109  7:28  Banshee  
  112  7:32  Hellion x2  
  118  7:42  Sensor Tower  
  120  7:47  Siege Tank x2  
  120  7:49  Missile Turret  
  126  7:54  Hellion x2  
  134  8:10  Terran Vehicle Weapons Level 1  
  134  8:11  Terran Vehicle And Ship Armor Level 1, Banshee  
  138  8:19  Siege Tank  
  142  8:21  Hellion x2  
  146  8:30  Command Center  
  148  8:36  Siege Tank  
  148  8:38  Factory x2  
  148  8:40  Missile Turret  
  149  8:43  Hellion x2  
  149  8:44  Infernal Pre-Igniter  
  153  8:53  Siege Tank  
  156  9:00  Banshee  
  159  9:05  Hellion  
  159  9:09  Sensor Tower  
  166  9:22  Command Center  
  166  9:23  Factory Tech Lab, Factory Reactor  
  166  9:26  Missile Turret  
  169  9:44  Banshee  
Spawning Tool Build Advisor. Get it on Overwolf

Go to:

Details

  • Created by: blade_au
  • Published on: Apr 26, 2020
  • Modified on: Apr 26, 2020
  • Patch: 4.11.0
Show
View Real Time Build Order
Export as new Build Order

Comments (0)

There are no comments. Be the first!

Create an account to comment!